 Dungeon Crawl Stone Soup version 0.30-a0-986-g7f2e898f52 (webtiles) character file.

Game seed: 11720257526573854107

156 pokeman the Magician (level 5, -4/29 HPs)
             Began as a Deep Elf Hedge Wizard on Apr 1, 2023.
             Slain by a kobold
             ... wielding a +0 short sword
              (6 damage)
             ... on level 3 of the Dungeon.
             The game lasted 00:05:02 (2609 turns).

pokeman the Magician (Deep Elf Hedge Wizard)        Turns: 2609, Time: 00:05:02

Health: -4/29      AC:  2    Str:  7    XL:     5   Next: 15%
Magic:  0/15       EV: 13    Int: 21    God:
Gold:   119        SH:  0    Dex: 14    Spells: 8/16 levels left

rFire   + . .      SeeInvis .    a - +0 dagger
rCold   + . .      Faith    .    (no shield)
rNeg    . . .      Spirit   .    b - +0 robe
rPois   +          Reflect  .    c - +0 hat
rElec   +          Rampage  .    (no cloak)
rCorr   +                        (no gloves)
Will    .....                    (no boots)
Stlth   ++                       (no amulet)
HPRegen 0.24/turn                (no ring)
MPRegen 0.14/turn                (no ring)

@: brilliant, resistant, very slightly contaminated
A: no striking features
a: no special abilities


You were on level 3 of the Dungeon.
You visited 1 branch of the dungeon, and saw 3 of its levels.

You collected 119 gold pieces.

Inventory:

Hand Weapons
 a - a +0 dagger (weapon)
Armour
 b - a +0 robe (worn)
 c - a +0 hat (worn)
 h - a +0 buckler
Magical Staves
 t - a staff of poison
Scrolls
 e - 5 scrolls of identify {unknown}
 f - a scroll of enchant armour {unknown}
 g - a scroll of poison {unknown}
 k - a scroll of teleportation {unknown}
 m - a scroll of torment {unknown}
 o - a scroll of fog {unknown}
 r - a scroll of immolation {unknown}
 s - a scroll of fear {unknown}
Potions
 d - a potion of magic
 j - a potion of brilliance
 p - 2 potions of might
 q - a potion of haste {unknown}


   Skills:
 - Level 1.0 Fighting
 - Level 1.0 Armour
 - Level 3.0 Dodging
 + Level 2.5 Stealth
 - Level 1.0 Shields
 * Level 6.0 Spellcasting
 + Level 2.6 Conjurations
 - Level 1.1 Summonings
 - Level 1.1 Translocations
 + Level 0.0 Air Magic


You had 8 spell levels left.
You knew the following spells:

 Your Spells              Type           Power      Damage    Failure   Level
a - Magic Dart            Conj           100%       1d8       3%          1
b - Mephitic Cloud        Conj/Pois/Air  15%        N/A       21%         3
c - Call Imp              Summ           16%        N/A       10%         2
d - Blink                 Tloc           32%        N/A       10%         2

Your spell library contained the following spells:

 Spells                   Type           Power      Damage    Failure   Level
 Slow                     Hex            36%        N/A       10%         1
 Cigotuvi's Dreadful Rot  Necr/Pois/Air  18%        N/A       14%         2
 Ensorcelled Hibernation  Hex/Ice        18%        N/A       14%         2
 Passwall                 Tmut/Erth      7%         N/A       14%         2
 Dazzling Flash           Conj/Hex       34%        N/A       17%         3
 Swiftness                Air            9%         N/A       28%         3
 Agony                    Necr           9%         N/A       95%         5
 Alistair's Intoxication  Tmut/Pois      6%         N/A       95%         5
 Borgnjor's Vile Clutch   Necr/Erth      4%         N/A       95%         5
 Silence                  Hex/Air        4%         N/A       95%         5
 Eringya's Noxious Bog    Tmut/Pois      4%         N/A       100%        6


Dungeon Overview and Level Annotations

Branches:
Dungeon (3/15)

Altars:
Elyvilon

Shops:
D:1 *


Message History

Confirm with . or Enter, or press ? or * to list all spells.
You feel a surge of power!
You miscast Blink.
Nothing appears to happen.
The kobold barely misses you.
The orc hits you with a +2 war axe of flaming.
* * * LOW HITPOINT WARNING * * *
The orc closely misses your shadow imp.
Your shadow imp barely misses the orc.
Unknown command.
You closely miss the orc.
The orc is lightly wounded.
The kobold hits you with a +0 short sword.
* * * LOW HITPOINT WARNING * * *
The orc hits you with a +2 war axe of flaming.
* * * LOW HITPOINT WARNING * * *
The orc burns you.
* * * LOW HITPOINT WARNING * * *
The orc barely misses your shadow imp.
Your shadow imp hits the orc.
Unknown command.
You hit the orc but do no damage.
The orc is heavily wounded.
The kobold hits you but does no damage. The orc closely misses you.
The orc hits your shadow imp with a +2 war axe of flaming!
The orc burns your shadow imp.
Your shadow imp dies!
Your shadow imp disappears in a puff of smoke!
Unknown command.
You completely miss the orc.
The orc is heavily wounded.
The kobold drinks a potion.
The kobold seems to grow stronger.
The orc barely misses you.
Unknown command.
Casting: Blink (safe; 10% risk of failure)
Confirm with . or Enter, or press ? or * to list all spells.
Aiming: Magic Dart (safe; 3% risk of failure)
Press: ? - help, Shift-Dir - straight line, f/p - orc
Aim: an orc, wielding a +2 war axe of flaming and wearing a +0 leather armour (heavily wounded, 100% to hit)
You feel a surge of power!
The magic dart hits the orc.
The orc is severely wounded.
The orc misses you.
The kobold hits you with a +0 short sword.
You die...

## #...
##...##
######......#
#@o.)).#
#K####......#
#.# ##.$...
#.# .##.
##.## #
###...##
.....#.#.#
####.#.#.#
#.#.#.#


You could see an orc and a kobold (strong).

Vanquished Creatures
  A jelly (D:2)
  Jessica (D:2)
  3 adders
  A worm (D:2)
  2 dart slugs
  An orc (D:3)
  3 ball pythons
  5 endoplasms
  A giant cockroach (D:2)
  6 goblins
  3 hobgoblins (D:1)
  4 kobolds (D:2)
  5 quokkas
  9 bats
  5 frilled lizards
  3 rats
53 creatures vanquished.

Vanquished Creatures (collateral kills)
  An adder (D:2)
  An orc (D:3)
2 creatures vanquished.

Grand Total: 55 creatures vanquished

Notes
Turn   | Place    | Note
-------+----------+-------------------------------------------
     0 | D:1      | pokeman the Deep Elf Hedge Wizard began the quest for the
                  | Orb.
     0 | D:1      | Reached XP level 1. HP: 10/10 MP: 7/7
   290 | D:1      | Reached XP level 2. HP: 15/15 MP: 5/9
   873 | D:1      | Reached skill level 5 in Spellcasting
  1013 | D:1      | Found Heumiq's General Store.
  1042 | D:1      | Reached XP level 3. HP: 20/20 MP: 8/11
  1046 | D:1      | Learned a level 3 spell: Mephitic Cloud
  1049 | D:1      | Learned a level 2 spell: Call Imp
  1052 | D:1      | Learned a level 2 spell: Blink
  1650 | D:2      | Reached skill level 1 in Fighting
  1650 | D:2      | Reached skill level 1 in Armour
  1782 | D:2      | Noticed Jessica
  1786 | D:2      | Killed Jessica
  1787 | D:2      | Reached XP level 4. HP: 25/25 MP: 7/13
  2292 | D:3      | Found a faded altar of an unknown god.
  2307 | D:3      | Reached XP level 5. HP: 29/29 MP: 12/15
  2346 | D:3      | Reached skill level 6 in Spellcasting
  2468 | D:3      | Found a white marble altar of Elyvilon.
  2595 | D:3      | Reached skill level 1 in Shields
  2606 | D:3      | HP: 1/29 [orc/+2 war axe of flaming (1)]
  2609 | D:3      | Slain by a kobold

Illustrated notes

Levels and vault maps discovered:
D:1:      nzn_arrival_settlement, layout_basic, serial_shops,
          nicolae_lakefront_shop
D:2:      layout_rooms, kennysheep_nub, minmay_stone_trees_small, fountainhead,
          uniq_jessica
D:3:      layout_loops_ring, elyvilon_altar_4, basic_ecumenical_altar,
          hangedman_feature_mirror, kennysheep_decorative_pillar,
          kennysheep_generic_room_11

Skill      XL: |  1  2  3  4  5 |
---------------+----------------+-----
Spellcasting   | 5 6 |  6.0
Fighting       | 1 |  1.0
Armour         | 1 |  1.0
Conjurations   | 2 |  2.6
Dodging        | 3 |  3.0
Shields        | 1 |  1.0
Stealth        | |  2.5
Summonings     | |  1.1
Translocations | |  1.1

Action                     |  1- 3 |  4- 6 || total
---------------------------+-------+-------++-------
  Melee: Dagger            |     2 |     4 ||     6
   Cast: Magic Dart        |    82 |    43 ||   125
         Mephitic Cloud    |     2 |     2 ||     4
         Call Imp          |     1 |     1 ||     2
    Use: Potion            |       |     4 ||     4
   Stab: Confused          |     1 |     1 ||     2
 Armour: Robe              |     4 |     2 ||     6
  Dodge: Dodged            |     6 |    10 ||    16

Table legend: (Time is in decaauts)
 A = Elapsed time spent in this place.
 B = Non-inter-level travel time spent in this place.
 C = Inter-level travel time spent in this place.
 D = Time resting spent in this place.
 E = Time spent auto-exploring this place.
 F = Levels seen in this place.
 G = Mean time per level.
                   A        B        C        D        E       F      G
               +--------+--------+--------+--------+--------+-----+--------+
         Total |   2609 |   2561 |     48 |      0 |   2286 |   3 |  869.7 |
       Dungeon |   2609 |   2561 |     48 |      0 |   2286 |   3 |  869.7 |
               +--------+--------+--------+--------+--------+-----+--------+

Top non-repeatable levels by time:
     D:1: 1491 daAuts
     D:2: 771 daAuts
     D:3: 346 daAuts
